 Dungeon Crawl Stone Soup version 0.28-a0-595-g9f6c0e134a (webtiles) character file.

Game seed: 14014175658261105689

8168 bande the Cleaver (level 11, -4/67 HPs)
             Began as a Gargoyle Fighter on Oct 4, 2021.
             Was a High Priest of Okawaru.
             Slain by a komodo dragon (20 damage)
             ... on level 1 of the Lair of Beasts.
             The game lasted 00:17:23 (10370 turns).

bande the Cleaver (Gargoyle Fighter)               Turns: 10370, Time: 00:17:23

Health: -4/67      AC: 30    Str: 22    XL:     11   Next: 26%
Magic:  16/16      EV:  6    Int:  5    God:    Okawaru [*****.]
Gold:   212        SH:  6    Dex: 18    Spells: 10/10 levels left

rFire   . . .      SeeInvis .   a - +1 war axe
rCold   . . .      Faith    .   c - +0 buckler
rNeg    + + .      Spirit   .   s - +0 plate armour
rPois   ∞          Reflect  .   k - +2 helmet
rElec   +          Harm     .   (no cloak)
rCorr   .          Rampage  .   w - +0 pair of gloves of a ziggurat {rElec Int-3 Dex+7}
Will    ++...                   (no boots)
Stlth   ..........              p - amulet of regeneration
HPRegen 1.21/turn               f - ring of positive energy
MPRegen 0.15/turn               x - ring of willpower

@: no status effects
A: sickness immunity, AC +8, negative energy resistance 1, electricity
resistance, torment resistance 1, petrification resistance, iridescent scales 2,
strong-willed 1
a: Renounce Religion, Heroism, Finesse, Duel


You were on level 1 of the Lair of Beasts.
You worshipped Okawaru.
Okawaru was extremely pleased with you.
You visited 3 branches of the dungeon, and saw 11 of its levels.
You also visited: Sewer.

You collected 542 gold pieces.
You spent 330 gold pieces at shops.

Inventory:

Hand Weapons
 a - a +1 war axe (weapon)
 m - a +0 flail
Armour
 c - a +0 buckler (worn)
 h - a +1 scale mail of cold resistance
 k - a +2 helmet (worn)
 s - a +0 plate armour (worn)
 w - the +0 pair of gloves of a ziggurat (worn) {rElec Int-3 Dex+7}
   (Okawaru gifted it to you on level 9 of the Dungeon)

   Int:       It affects your intelligence (-3).
   Dex:       It affects your dexterity (+7).
   rElec:     It insulates you from electricity.
Jewellery
 f - a ring of positive energy (left hand)
 p - an amulet of regeneration (around neck)
 t - an amulet of guardian spirit
 x - a ring of willpower (right hand)
Wands
 e - a wand of paralysis (6)
 j - a wand of polymorph (11)
 l - a wand of flame (35)
Scrolls
 i - 8 scrolls of teleportation
 q - 3 scrolls of identify
 r - a scroll of fear
 v - a scroll of fog
Potions
 b - 4 potions of flight
 d - a potion of might
 g - 3 potions of cancellation
 n - a potion of magic
 o - 3 potions of curing
 u - 2 potions of mutation


   Skills:
 + Level 7.3 Fighting
 + Level 10.0 Axes
 + Level 7.7 Armour
 - Level 0.2 Stealth
 + Level 6.1 Shields
 * Level 6.9 Invocations
 * Level 5.7 Evocations


You had 10 spell levels left.
You didn't know any spells.
Your spell library contained the following spells:

 Spells                   Type           Power      Damage    Failure   Level
 Pain                     Necr           0%         1d4       100%        1
 Sting                    Tmut/Pois      0%         1d3       100%        1
 Poisonous Vapours        Pois/Air       0%         N/A       100%        2
 Stone Arrow              Conj/Erth      0%         3d7       100%        3
 Vampiric Draining        Necr           0%         2d6       100%        3
 Olgreb's Toxic Radiance  Pois           0%         N/A       100%        4
 Lehudib's Crystal Spear  Conj/Erth      0%         10d2      100%        8
 Animate Skeleton         Necr           Unusable   N/A       N/A         1
 Animate Armour           Summ/Erth      Unusable   N/A       N/A         4

Dungeon Overview and Level Annotations

Branches:
Dungeon (9/15)             Temple (1/1) D:4            Lair (1/6) D:9
  Sewer (visited)
    Orc: D:9-12

Altars:
Ashenzari
Elyvilon
Fedhas
Gozag
Hepliaklqana
Kikubaaqudgha
Nemelex Xobeh
Okawaru
Ru
Sif Muna
Trog
Uskayaw
Vehumet
Wu Jian
Xom
Yredelemnul
The Shining One

Shops:
D:6 =


Innate Abilities, Weirdness & Mutations

You are immune to sickness and miasma.
Your stone body is resilient. (AC +8)
You are immune to poison.
You resist negative energy. (rN+)
You are resistant to electric shocks. (rElec)
You are resistant to unholy torment.
You are immune to petrification.
You are mostly covered in iridescent scales. (AC +4)
You are strong-willed. (Will+)


Message History

The wolf barely misses you. The komodo dragon closely misses you.
The wolf bites you but does no damage. x2; The cane toad stings you!
Unknown command.
You slash the wolf!
You kill the wolf!
Okawaru accepts your kill.
You hit the wolf but do no damage. You barely miss the cane toad.
You hit the komodo dragon but do no damage.
You block the wolf's attack. You block the komodo dragon's attack.
The cane toad stings you but does no damage.
The wolf bites you but does no damage.
You miss the wolf.
The wolf is moderately wounded.
You hit the komodo dragon. You hit the cane toad.
The wolf bites you but does no damage. The cane toad closely misses you.
The komodo dragon completely misses you.
The wolf bites you but does no damage.
Unknown command.
You slash the wolf!
The wolf is almost dead.
You barely miss the cane toad. You hit the komodo dragon.
You block the cane toad's attack. The komodo dragon bites you!
* * * LOW HITPOINT WARNING * * *
The wolf bites you but does no damage. You block the cane toad's attack.
Unknown command.
You hit the wolf but do no damage.
The wolf is almost dead.
You hit the komodo dragon. You barely miss the cane toad.
The wolf bites you but does no damage. You block the komodo dragon's attack.
The wolf barely misses you. The cane toad stings you!
* * * LOW HITPOINT WARNING * * *
You slash the wolf!
You kill the wolf!
Okawaru accepts your kill.
You hit the cane toad. You barely miss the komodo dragon.
The komodo dragon bites you but does no damage.
The cane toad closely misses you.
Unknown command.
You feel better. The komodo dragon bites you!!
You die...

.......#..#........##
.≈...#..........#...#...
≈≈≈.............#.......
.≈≈≈≈..≈.#..............
...≈≈≈≈≈≈≈..[.....#...?
##..###.≈≈≈.......#P.#
....##......##.......#..
....[#......#.#.†.......
#P...........#..@†.....#
#P..(...........Fl......
##.....†........#.......
........................
.##..<..#....##.........
...#..###....##.........
..##... ......(.....#...
.. .≈≈≈≈ ≈≈..... .#.....
. #...≈.. ...


You could see a komodo dragon and a cane toad.

Vanquished Creatures
  3 two-headed ogres
  A cane toad (Lair:1)
  An unseen horror (D:9)
  A kobold demonologist (D:9)
  A rime drake (Lair:1)
  A troll (D:9)
  Grinder (D:5)
  A meliai zombie (D:6)
  7 yaks
  Menkaure (D:7)
  2 sky beasts
  3 necrophages
  6 centaurs
  6 wolves
  2 ogres
  2 phantoms (D:6)
  A kobold brigand (D:9)
  6 bullfrogs
  2 scorpions (D:5)
  A wyvern zombie (D:8)
  2 howler monkeys
  2 electric eels (D:9)
  7 hounds
  An orc priest (D:9)
  A bullfrog skeleton (D:5)
  2 centaur skeletons
  A jelly (D:8)
  4 iguanas
  5 orc wizards
  A merfolk siren (Sewer)
  A killer bee zombie (D:9)
  A merfolk avatar (Sewer)
  2 gnolls (D:3)
  A howler monkey skeleton (D:7)
  12 adders
  4 river rats
  A white imp (D:7)
  2 ufetubi
  A worm (D:3)
  19 orcs
  14 ball pythons
  8 endoplasms
  3 giant cockroaches
  8 goblins
  2 hobgoblins
  A jackal (D:1)
  10 kobolds
  8 quokkas
  3 bats (D:1)
  7 frilled lizards
  29 rats
212 creatures vanquished.

Vanquished Creatures (others)
  A kobold demonologist (D:9)
  7 plants (D:3)
8 creatures vanquished.

Grand Total: 220 creatures vanquished

Notes
Turn   | Place    | Note
-------+----------+-------------------------------------------
     0 | D:1      | bande the Gargoyle Fighter began the quest for the Orb.
     0 | D:1      | Reached XP level 1. HP: 14/14 MP: 1/1
   291 | D:1      | Reached skill level 2 in Axes
   291 | D:1      | Reached XP level 2. HP: 19/19 MP: 2/2
   712 | D:1      | Reached XP level 3. HP: 19/23 MP: 3/3
   938 | D:2      | Found a faded altar of an unknown god.
  2077 | D:3      | Reached XP level 4. HP: 29/29 MP: 4/4
  2171 | D:3      | Reached skill level 3 in Axes
  2204 | D:3      | Reached XP level 5. HP: 11/33 MP: 5/5
  2241 | D:3      | Found a glowing drain.
  2247 | Sewer    | Entered a sewer
  3253 | Sewer    | Noticed a malarious merfolk avatar
  3282 | Sewer    | Killed a malarious merfolk avatar
  3283 | Sewer    | Reached XP level 6. HP: 31/38 MP: 6/6
  3719 | D:3      | Reached skill level 4 in Axes
  4732 | D:4      | Found a staircase to the Ecumenical Temple.
  4756 | Temple   | Entered the Ecumenical Temple
  4762 | Temple   | Became a worshipper of Warmaster Okawaru
  5264 | D:5      | Entered Level 5 of the Dungeon
  5264 | D:5      | Noticed a sky beast
  5289 | D:4      | Killed a sky beast
  5290 | D:4      | Reached skill level 1 in Evocations
  5689 | D:5      | Reached * piety under Okawaru
  5690 | D:5      | Reached skill level 1 in Invocations
  5690 | D:5      | Reached XP level 7. HP: 38/44 MP: 7/7
  5784 | D:5      | Reached skill level 5 in Axes
  5804 | D:5      | Noticed Grinder
  5818 | D:5      | Reached skill level 5 in Armour
  5831 | D:5      | Killed Grinder
  5831 | D:5      | Reached ** piety under Okawaru
  5832 | D:5      | Reached XP level 8. HP: 20/48 MP: 9/9
  6110 | D:5      | Gained mutation: You are partially covered in iridescent
                  | scales. (AC +2) [potion of mutation]
  6110 | D:5      | Gained mutation: You are strong-willed. (Will+) [potion of
                  | mutation]
  6110 | D:5      | Gained mutation: You are mostly covered in iridescent
                  | scales. (AC +4) [potion of mutation]
  6335 | D:5      | Reached skill level 5 in Fighting
  6400 | D:5      | Reached skill level 6 in Axes
  6911 | D:6      | Reached XP level 9. HP: 42/54 MP: 11/11
  6978 | D:6      | Found Pegiwo's Jewellery Shop.
  6998 | D:6      | Bought an amulet of regeneration for 330 gold pieces
  7090 | D:6      | Found a shimmering altar of Xom.
  7249 | D:7      | Reached *** piety under Okawaru
  7250 | D:7      | Reached skill level 7 in Axes
  7422 | D:7      | Reached skill level 5 in Shields
  7528 | D:7      | Noticed Menkaure
  7533 | D:7      | Killed Menkaure
  7718 | D:7      | Reached **** piety under Okawaru
  7983 | D:8      | Reached skill level 8 in Axes
  8014 | D:8      | Reached skill level 5 in Invocations
  8480 | D:8      | Found Tumo's Distillery.
  8519 | D:8      | Reached XP level 10. HP: 60/60 MP: 13/13
  8610 | D:9      | Noticed a two-headed ogre
  8630 | D:8      | HP: 3/60 [two-headed ogre (17)]
  8631 | D:8      | Killed a two-headed ogre
  8816 | D:9      | Noticed a two-headed ogre
  8834 | D:9      | Killed a two-headed ogre
  9046 | D:9      | Killed an unseen horror
  9047 | D:9      | Reached skill level 9 in Axes
  9067 | D:9      | Reached ***** piety under Okawaru
  9068 | D:9      | Reached skill level 5 in Evocations
  9420 | D:9      | Found a staircase to the Lair.
  9584 | D:9      | Noticed a kobold demonologist
  9586 | D:9      | Noticed a kobold demonologist
  9591 | D:9      | Noticed a two-headed ogre
  9595 | D:9      | Killed a kobold demonologist
  9601 | D:9      | Noticed an orange demon
  9602 | D:9      | Killed a kobold demonologist
  9621 | D:9      | Killed a two-headed ogre
  9621 | D:9      | Identified the +0 pair of gloves of a ziggurat {rElec Int-3
                  | Dex+7} (Okawaru gifted it to you on level 9 of the Dungeon)
  9621 | D:9      | Received a gift from Okawaru
  9622 | D:9      | Reached XP level 11. HP: 17/67 MP: 15/15
 10305 | Lair:1   | Entered Level 1 of the Lair of Beasts
 10344 | Lair:1   | Reached skill level 10 in Axes
 10368 | Lair:1   | HP: 2/67 [cane toad (17)]
 10370 | Lair:1   | Slain by a komodo dragon

Illustrated notes

Levels and vault maps discovered:
D:1:      lemuel_arrival_muddy, layout_loops_ring, minmay_misc_feat_hallway,
          st_stairs_2
D:2:      layout_loops_ring, shapermc_ecumenical_altar_venn,
          hangedman_decor_growths
D:3:      wad_woods_tower, layout_basic, lightli_sewer_entry_pipes,
          kennysheep_generic_room_16
D:4:      layout_basic, minmay_temple_entry_offerings
D:5:      layout_rooms, uniq_grinder
D:6:      layout_cave_pools, tgw_xom, serial_shops, shop
D:7:      layout_loops_ring, uniq_menkaure
D:8:      layout_basic, serial_shops, nicolae_square_shop
D:9:      layout_rooms, erik_lair_island, serial_rivers,
          chequers_serial_rivers_room_b, chequers_serial_rivers_micro_d,
          chequers_serial_rivers_large_a, chequers_serial_rivers_micro_a,
          chequers_serial_rivers_small_b, chequers_jeans, grunt_ministairs_12
Temple:   dpeg_three_leaves_temple
Lair:1:   layout_cave_shapes, serial_rivers, chequers_serial_rivers_micro_b,
          chequers_serial_rivers_small_a, chequers_serial_rivers_small_b,
          chequers_serial_rivers_micro_e, chequers_serial_rivers_room_b

Skill      XL: |  1  2  3  4  5  6  7  8  9 10 11 |
---------------+----------------------------------+-----
Axes           | 2 3 4 5 6 8 9 10 | 10.0
Armour         | 4 5 6 7 |  7.7
Shields        | 4 5 6 |  6.1
Fighting       | 4 5 6 7 |  7.3
Evocations     | 1 2 3 4 5 |  5.7
Invocations    | 1 2 3 5 6 |  6.9
Stealth        | |  0.2

Action                   |  1- 3 |  4- 6 |  7- 9 | 10-12 || total
-------------------------+-------+-------+-------+-------++-------
Melee: War axe           |   119 |   303 |   242 |   218 ||   882
Invok: Heroism           |       |       |       |     1 ||     1
  Use: Scroll            |     7 |     1 |     9 |       ||    17
       Potion            |       |     2 |     1 |     1 ||     4
Armor: Scale mail        |    38 |       |       |       ||    38
       Chain mail        |    42 |   251 |   169 |       ||   462
       Plate armour      |       |       |    47 |   287 ||   334
Dodge: Dodged            |    44 |   132 |   114 |    86 ||   376
Block: Buckler           |    18 |    85 |    68 |    80 ||   251

Table legend: (Time is in decaauts)
 A = Elapsed time spent in this place.
 B = Non-inter-level travel time spent in this place.
 C = Inter-level travel time spent in this place.
 D = Time resting spent in this place.
 E = Time spent auto-exploring this place.
 F = Levels seen in this place.
 G = Mean time per level.
                   A        B        C        D        E       F      G
               +--------+--------+--------+--------+--------+-----+--------+
         Total |  10659 |  10506 |    153 |   2160 |   5934 |  12 |  888.2 |
       Dungeon |   9038 |   8885 |    153 |   1300 |   5538 |   9 | 1004.2 |
        Temple |     15 |     15 |      0 |      0 |      0 |   1 |   15.0 |
          Lair |     64 |     64 |      0 |      0 |     30 |   1 |   64.0 |
         Sewer |   1539 |   1539 |      0 |    860 |    365 |   1 | 1539.0 |
               +--------+--------+--------+--------+--------+-----+--------+

Top non-repeatable levels by time:
     D:9: 1554 daAuts
   Sewer: 1539 daAuts
     D:3: 1450 daAuts
     D:4: 1121 daAuts
     D:1: 944 daAuts
     D:5: 904 daAuts
     D:2: 831 daAuts
     D:8: 805 daAuts
     D:7: 739 daAuts
     D:6: 687 daAuts
  Lair:1: 64 daAuts
  Temple: 15 daAuts
